 Dungeon Crawl Stone Soup version 0.31.0-11-ge490571c62 (webtiles) character file.

Game seed: 15667074267952578184

87 Bobbunny the Trooper (level 4, -1/37 HPs)
             Began as a Formicid Fighter on Feb 3, 2024.
             Slain by a cerulean imp
             ... wielding a +2 spear
             ... summoned by Natasha
              (3 damage)
             ... on level 3 of the Dungeon.
             The game lasted 00:01:14 (1960 turns).

Bobbunny the Trooper (Formicid Fighter)             Turns: 1960, Time: 00:01:15

Health: -1/37      AC:  6    Str: 22    XL:     4   Next: 80%
Magic:  4/4        EV:  9    Int:  8    God:
Gold:   58         SH:  5    Dex: 13    Spells: 3/3 levels left

rFire   . . .        a - +0 war axe
rCold   . . .        c - +0 buckler
rNeg    . . .        b - +0 scale mail
rPois   .            (helmet unavailable)
rElec   .            (no cloak)
rCorr   .            (no gloves)
SInv    +            (no boots)
Will    .....        (no amulet)
Stlth   +            (no ring)
HPRegen 0.26/turn    (no ring)
MPRegen 0.09/turn

%: no passive effects
@: no status effects
A: permanent stasis, dig shafts and tunnels, antennae 3, four strong arms
a: Dig, Shaft Self


You were on level 3 of the Dungeon.
You visited 1 branch of the dungeon, and saw 3 of its levels.

You collected 58 gold pieces.

Inventory:

Hand Weapons
 a - a +0 war axe (weapon)
Missiles
 g - 3 atropa-tipped darts
Armour
 b - a +0 scale mail (worn)
 c - a +0 buckler (worn)
Scrolls
 h - a scroll of enchant armour {unknown}
 i - a scroll of vulnerability {unknown}
 j - a scroll of enchant weapon {unknown}
 l - a scroll of amnesia {unknown}
Potions
 d - 2 potions of might
 e - 3 potions of curing {unknown}
 f - a potion of heal wounds {unknown}
 k - a potion of lignification {unknown}


   Skills:
 + Level 4.3 Fighting
 + Level 3.0 Axes
 - Level 3.2 Armour
 + Level 2.7 Stealth
 - Level 4.0 Shields


You had 3 spell levels left.
You didn't know any spells.
Your spell library contained the following spells:

 Spells                   Type           Power      Damage    Failure   Level
 Cigotuvi's Dreadful Rot  Necr/Alch/Air  0%         N/A       91%         2
 Ignite Poison            Fire/Alch      0%         N/A       100%        4
 Freezing Cloud           Conj/Ice/Air   0%         6-21      100%        5


Dungeon Overview and Level Annotations

Branches:
Dungeon (3/15)

Altars:

Annotations:
D:3 Natasha


Innate Abilities, Weirdness & Mutations

You cannot be hasted, slowed, berserked, paralysed or teleported.
You can dig through walls and to a lower floor.
You have a pair of large antennae on your head. (SInv)
Your four strong arms can wield two-handed weapons with a shield.


Message History

The cerulean imp hits you from afar with a +2 spear.
Natasha claws you. You block the cerulean imp's attack.
You hit Natasha.
Natasha is heavily wounded.
The cerulean imp hits you from afar with a +2 spear.
Natasha casts a spell at you. The magic dart hits you!
You block the cerulean imp's attack. x2
You are too injured to fight recklessly!
You are too injured to fight recklessly!
You are too injured to fight recklessly!
You are too injured to fight recklessly!
You are too injured to fight recklessly!
You are too injured to fight recklessly!
You are too injured to fight recklessly!
You are too injured to fight recklessly!
You are too injured to fight recklessly!
You are too injured to fight recklessly!
You are too injured to fight recklessly!
You hit Natasha.
Natasha is severely wounded.
Natasha claws you.
* * * LOW HITPOINT WARNING * * *
You block the cerulean imp's attack.
The cerulean imp hits you from afar with a +2 spear.
* * * LOW HITPOINT WARNING * * *
Natasha closely misses you.
You barely miss Natasha.
Natasha is severely wounded.
The cerulean imp barely misses you. You block the cerulean imp's attack.
Natasha howls an incantation.
Natasha's front paws start to glow.
You block Natasha's attack.
The cerulean imp hits you from afar with a +2 spear.
* * * LOW HITPOINT WARNING * * *
The cerulean imp hits you but does no damage.
You hit Natasha but do no damage.
Natasha is severely wounded.
You block Natasha's attack.
The cerulean imp hits you from afar with a +2 spear.
You die...

#.......... ........#
#>......... ........#
#.......... ........#
#.#####'### ........#
#.# #.##. .......$# #.#
#.##. ......55# #.#
#.##. .......h#
#.#####.##.
.......@######.#..†...#.
.............#'#.###..#.
########..............#)
#..............#.
#.....÷........#.
#..............#.
#..............#.
#####.#.#'#.##.#.
#.#.#.#....#.


You could see Natasha and 2 cerulean imps.

Vanquished Creatures
  5 adders
  2 dart slugs
  3 ball pythons
  5 endoplasms
  3 goblins
  A hobgoblin (D:2)
  4 jackals (D:1)
  3 kobolds
  2 quokkas
  3 bats
  3 frilled lizards
  4 rats
38 creatures vanquished.

Notes
Turn   | Place    | Note
-------+----------+-------------------------------------------
     0 | D:1      | Bobbunny the Formicid Fighter began the quest for the Orb.
     0 | D:1      | Reached XP level 1. HP: 18/18 MP: 1/1
   132 | D:1      | Reached XP level 2. HP: 24/24 MP: 2/2
   276 | D:1      | Reached skill level 1 in Stealth
   690 | D:1      | Reached XP level 3. HP: 30/30 MP: 3/3
  1224 | D:2      | Reached XP level 4. HP: 37/37 MP: 4/4
  1950 | D:3      | Noticed Natasha
  1959 | D:3      | HP: 1/37 [cerulean imp/+2 spear[Natasha] (3)]
  1960 | D:3      | Slain by a cerulean imp

Illustrated notes

Levels and vault maps discovered:
D:1:      dpeg_arrival_connections, layout_rooms, serial_co_window_serial,
          co_window_paths_a, co_window_cross_1, co_window_of_opportunity_a,
          co_window_paths_a, co_window_paths_b, co_window_corner_a,
          co_window_corner_a, co_window_unsneaky_path_c, co_window_cross_2,
          co_window_unsneaky_path_e, co_window_corner_b,
          co_window_of_opportunity_b, co_window_4corner_b, glass_columns_c,
          glass_columns_a, glass_columns_c, glass_columns_a
D:2:      layout_basic, kennysheep_generic_room_8
D:3:      layout_basic, uniq_natasha

Skill      XL: |  1  2  3  4 |
---------------+-------------+-----
Stealth        | 1 2 |  2.7
Fighting       | 4 |  4.3
Axes           | 3 |  3.0
Armour         | |  3.2
Shields        | |  4.0

Action                     |  1- 3 |  4- 6 || total
---------------------------+-------+-------++-------
  Melee: War axe           |    64 |    38 ||   102
 Armour: Scale mail        |    40 |    39 ||    79
  Dodge: Dodged            |    33 |    21 ||    54
  Block: Buckler           |    18 |    16 ||    34
